 Dungeon Crawl Stone Soup version 0.29-a0-284-gf9362112df (webtiles) character file.

Game seed: 2690151312112672137

2567 ooooo the Thaumaturge (level 9, -3/51 HPs)
             Began as an Octopode Conjurer on Mar 15, 2022.
             Was an Initiate of Gozag.
             Slain by a steam dragon (11 damage)
             ... on level 7 of the Dungeon.
             The game lasted 00:19:26 (8220 turns).

ooooo the Thaumaturge (Octopode Conjurer)           Turns: 8220, Time: 00:19:26

Health: -3/51      AC:  1    Str:  6    XL:     9   Next: 57%
Magic:  14/21      EV: 13    Int: 24    God:    Gozag
Gold:   171        SH:  0    Dex: 11    Spells: 14/24 levels left

rFire   . . .      SeeInvis .   r - +4 dagger of Context {spect, rPois rC+}
rCold   + . .      Faith    .   (no shield)
rNeg    + . .      Spirit   .   (helmet restricted)
rPois   +          Reflect  .   g - amulet of regeneration
rElec   .          Harm     .   u - ring of positive energy
rCorr   .          Rampage  .   (no ring)
Will    .....                   (no ring)
Stlth   +++.......              (no ring)
HPRegen 0.97/turn               (no ring)
MPRegen 0.17/turn               (no ring)
                                (no ring)
                                (no ring)

@: gold aura, studying Shields
A: almost no armour, amphibious, 8 rings, camouflage 1, gelatinous body 1,
(nimble swimmer 1), tentacles
a: Renounce Religion, Potion Petition, Call Merchant, Bribe Branch


You were on level 7 of the Dungeon.
You worshipped Gozag.
Gozag was aware of your devotion.
You visited 2 branches of the dungeon, and saw 8 of its levels.

You collected 325 gold pieces.
You paid 154 gold pieces to Gozag.

Inventory:

Hand Weapons
 d - a +1 dagger
 h - the +10 hunting sling "Plog" {venom, Fly rN+ Str-3 Dex+6}
   (You found it on level 4 of the Dungeon)

   Any ammunition fired from it poisons the flesh of those it strikes.
   Str:       It affects your strength (-3).
   Dex:       It affects your dexterity (+6).
   rN:        It protects you from negative energy.
   Fly:       It grants you flight.
 r - the +4 dagger of Context (weapon) {spect, rPois rC+}
   (You found it on level 3 of the Dungeon)

   When its wielder attacks, the weapon's spirit leaps out and strikes again.
   The spirit shares a part of any damage it takes with its wielder.
   rC:        It protects you from cold.
   rPois:     It protects you from poison.
 w - a +2 short sword of speed
 A - a +2 dagger of electrocution
Missiles
 f - a throwing net
 j - 5 javelins
 q - 5 poisoned darts
Jewellery
 g - an amulet of regeneration (around mantle)
 u - a ring of positive energy (left tentacle)
Wands
 y - a wand of flame (11)
Scrolls
 b - a scroll of immolation
 e - a scroll of amnesia
 k - 2 scrolls of fear
 l - 2 scrolls of enchant weapon
 p - 2 scrolls of noise {unknown}
 s - a scroll of teleportation
 B - a scroll of holy word
Potions
 a - a potion of magic
 c - 2 potions of resistance
 i - a potion of attraction
 m - 2 potions of curing
 o - a potion of ambrosia
 t - 2 potions of brilliance
 v - 3 potions of flight {unknown}
 x - 2 potions of lignification {unknown}


   Skills:
 - Level 2.0 Dodging
 - Level 2.6 Stealth
 + Level 8.3 Spellcasting
 - Level 7.5 Conjurations
 - Level 4.7 Hexes
 - Level 4.1 Translocations


You had 14 spell levels left.
You knew the following spells:

 Your Spells              Type           Power      Damage    Failure   Level
a - Searing Ray           Conj           92%        2d7       1%          2
c - Fulminant Prism       Conj/Hex       19%        3d11      4%          4
d - Iskenderun's Mystic   Conj/Tloc      38%        2d9       5%          4

Your spell library contained the following spells:

 Spells                   Type           Power      Damage    Failure   Level
 Magic Dart               Conj           100%       1d8       1%          1
 Static Discharge         Conj/Air       28%        N/A       1%          2
 Dazzling Flash           Conj/Hex       78%        N/A       1%          3
 Gell's Gravitas          Tloc           29%        N/A       3%          3
 Lesser Beckoning         Tloc           29%        N/A       3%          3
 Teleport Other           Tloc           29%        N/A       3%          3
 Sublimation of Blood     Necr           10%        N/A       10%         2
 Wereblood                Tmut           10%        N/A       10%         2
 Sticky Flame             Conj/Fire      28%        2d5       13%         4
 Fireball                 Conj/Fire      14%        3d8       36%         5
 Dispel Undead            Necr           10%        3d9       52%         4
 Olgreb's Toxic Radiance  Pois           10%        N/A       52%         4
 Starburst                Conj/Fire      14%        6d6       90%         6
 Ozocubu's Refrigeration  Ice            5%         4d6       100%        7
 Summon Hydra             Summ           5%         N/A       100%        7
 Ignition                 Fire           5%         3d4       100%        8


Dungeon Overview and Level Annotations

Branches:
Dungeon (7/15)             Temple (1/1) D:7

Altars:
Ashenzari
Cheibriados
Dithmenos
Elyvilon
Fedhas
Gozag
Kikubaaqudgha
Makhleb
Ru
Sif Muna
Vehumet
Wu Jian
Xom
Yredelemnul
The Shining One

Shops:
D:4 (*:(   D:5 *   D:6 (

Portals:
Bailey: D:7


Innate Abilities, Weirdness & Mutations

You cannot wear most types of armour.
You are amphibious.
You can wear up to eight rings at the same time.
Your skin changes colour to match your surroundings (Stealth+).
Your rubbery body absorbs attacks. (AC +1, EV +1)
((You are camouflaged when in or above water. (Stealth+)))
You have tentacles for arms and can constrict up to eight enemies at once.


Message History

A sky beast comes into view.
Your fulminant prism crackles loudly.
There is a flagged portal here.
Unknown command.
The steam dragon attacks as you move away!
The steam dragon bites you! The steam dragon barely misses you.
The sky beast flickers out of sight!
Deactivating autopickup; reactivate with Ctrl-A.
Your fulminant prism explodes!
The blast of energy engulfs the white imp!!
You kill the white imp!
The blast of energy engulfs the steam dragon!!
The steam dragon is heavily wounded.
You hear a shout! x2; You hear a loud, deep croak!
Casting: Fulminant Prism (dangerous; 4% risk of failure)
Confirm with . or Enter, or press ? or * to list all spells.
Okay, then.
Casting: Fulminant Prism (dangerous; 4% risk of failure)
Confirm with . or Enter, or press ? or * to list all spells.
Aiming: Searing Ray (safe; 1% risk of failure)
Press: ? - help, Shift-Dir - straight line, f - steam dragon
Aim: a steam dragon (heavily wounded, 82% to hit)
The searing ray hits the steam dragon.
The steam dragon is severely wounded. (Press . to maintain the ray.)
The steam dragon bites you! The steam dragon barely misses you.
The searing ray misses the steam dragon.
The steam dragon breathes steam at you. The ball of steam misses you.
Unknown command.
The searing ray hits the steam dragon!
The steam dragon is almost dead.
You are engulfed in a cloud of scalding steam.
* * * LOW HITPOINT WARNING * * *
The steam dragon bites you!
* * * LOW HITPOINT WARNING * * *
The steam dragon closely misses you. The steam dragon bites you!
You die...
Your body crumbles into a pile of gold.

........##..............,,*,,,,,,
.......<#.>............#*,**,,,,,
.###..........##......##.,*,,,*,,
#.....####......8........,,,,,***
#.....** #...8.....8.....,,**,*,,
#....,,####..............,,,,,,,,
.....,,#..............#,,,,,,>,,,
#...,,.....8$...D§§§§8#.,,,,,,,,,
##..*....##.....@........,,,,,,,,
,,,,,....*#............##,,,,,*,,
****,..$**#..8.....8....#,,,,,,,,
# ***..,,.......8......>.,,,,,,,*
#**,,,,,.....##.##.......,,**,,,,
#,,,,,,,....#*..#*.......,,,,,,,,
#**,*,,,....,#.##*...$...,,,,,,,,
####*.#....,,..,**#.....,,,*,,,**
#..##.....,,,**,,***,,,,,,,*,,,,*


You could see a steam dragon (catching breath).

Vanquished Creatures
  Prince Ribbit (D:5)
  A steam dragon (D:6)
  Menkaure (D:5)
  A water moccasin (D:5)
  2 black bears (D:4)
  2 orc warriors (D:6)
  An ice beast (D:6)
  An ogre (D:6)
  2 phantoms (D:5)
  Blork the orc (D:5)
  2 bullfrogs
  A necrophage (D:6)
  3 scorpions (D:5)
  A howler monkey (D:4)
  A centaur zombie (D:5)
  3 hounds
  5 jellies
  2 orc priests
  2 iguanas (D:6)
  7 orc wizards
  A howler monkey zombie (D:5)
  7 gnolls (D:4)
  8 adders
  A shadow imp (D:5)
  A white imp (D:7)
  An ufetubus (D:4)
  A worm (D:2)
  5 dart slugs
  25 orcs
  9 endoplasms
  5 giant cockroaches
  8 goblins
  4 hobgoblins
  5 jackals
  5 quokkas
  10 ball pythons
  2 bats
  4 frilled lizards
  7 kobolds
  6 rats
155 creatures vanquished.

Vanquished Creatures (others)
  19 fulminant prisms
19 creatures vanquished.

Grand Total: 174 creatures vanquished

Notes
Turn   | Place    | Note
-------+----------+-------------------------------------------
     0 | D:1      | ooooo the Octopode Conjurer began the quest for the Orb.
     0 | D:1      | Reached XP level 1. HP: 11/11 MP: 3/3
   216 | D:1      | Found a burning altar of Makhleb.
   685 | D:1      | Reached XP level 2. HP: 11/17 MP: 5/5
   796 | D:1      | Learned a level 2 spell: Searing Ray
  1200 | D:1      | Reached XP level 3. HP: 20/21 MP: 1/6
  2298 | D:2      | Reached skill level 3 in Spellcasting
  2350 | D:2      | Reached XP level 4. HP: 27/27 MP: 4/8
  2754 | D:3      | Learned a level 4 spell: Fulminant Prism
  2776 | D:3      | Identified the +4 dagger of Context {spect, rPois rC+}
  2918 | D:3      | Found a shadowy altar of Dithmenos.
  3278 | D:3      | Reached skill level 5 in Conjurations
  3278 | D:3      | Reached skill level 1 in Hexes
  3346 | D:3      | Found a faded altar of an unknown god.
  3531 | D:4      | Noticed a black bear
  3535 | D:4      | HP: 1/27 [black bear (3)]
  3557 | D:4      | Killed a black bear
  3558 | D:4      | Reached XP level 5. HP: 22/31 MP: 0/10
  3563 | D:4      | Learned a level 4 spell: Iskenderun's Mystic Blast
  3592 | D:4      | Found a blossoming altar of Fedhas.
  3699 | D:4      | Reached XP level 6. HP: 26/36 MP: 11/11
  3808 | D:4      | Reached skill level 1 in Translocations
  3846 | D:4      | Found Tikhlih's Book Boutique.
  3865 | D:4      | Reached skill level 4 in Spellcasting
  4010 | D:4      | Found Cytim's General Store.
  4220 | D:4      | Noticed a black bear
  4226 | D:4      | Killed a black bear
  4227 | D:4      | Reached XP level 7. HP: 29/41 MP: 4/13
  4232 | D:4      | Identified the +10 hunting sling "Plog" {venom, Fly rN+
                  | Str-3 Dex+6}
  4407 | D:4      | Found Jeado's Antique Weapon Shoppe.
  4788 | D:4      | Found an ornate altar of the Wu Jian Council.
  4991 | D:4      | Found Majefy's Antique Weapon Boutique.
  5208 | D:5      | Entered Level 5 of the Dungeon
  5313 | D:5      | Reached skill level 5 in Spellcasting
  5413 | D:5      | Reached XP level 8. HP: 46/46 MP: 10/15
  5918 | D:5      | Found a basalt altar of Yredelemnul.
  5939 | D:5      | Noticed Menkaure
  5949 | D:5      | Killed Menkaure
  5950 | D:5      | Noticed Prince Ribbit
  5955 | D:5      | Killed Prince Ribbit
  5998 | D:5      | Found Limifoze's General Store.
  6188 | D:5      | Noticed Blork the orc
  6193 | D:5      | Killed Blork the orc
  6194 | D:5      | Reached skill level 6 in Spellcasting
  6194 | D:5      | Reached XP level 9. HP: 49/51 MP: 7/18
  6404 | D:5      | Learned a level 5 spell: Fireball
  6635 | D:6      | Found a white marble altar of Elyvilon.
  6686 | D:6      | Reached skill level 7 in Spellcasting
  7243 | D:6      | Found Guph's Antique Weapon Shop.
  7392 | D:6      | Reached skill level 8 in Spellcasting
  8076 | D:7      | Found a staircase to the Ecumenical Temple.
  8122 | Temple   | Entered the Ecumenical Temple
  8136 | Temple   | Became a worshipper of Gozag Ym Sagoz the Greedy
  8207 | D:7      | Found a flagged portal.
  8220 | D:7      | Slain by a steam dragon

Illustrated notes

Levels and vault maps discovered:
D:1:      sevenhm_arrival_forest_fort_small_6, layout_basic
D:2:      layout_basic
D:3:      layout_loops_ring, mainiacjoe_overflow_brackets,
          shapermc_ecumenical_altar_hornbeckon
D:4:      layout_loops_corners, lemuel_crystal_altar,
          nicolae_wu_jian_immortal_techniques, serial_shops,
          kennysheep_little_box, shop, nicolae_shop_behind_doors, shop,
          minmay_manual_maat
D:5:      layout_cave_pools, lemuel_zombie_altar_yredelemnul, serial_shops,
          shop_statue, dk_noncrumbling_2, uniq_blork_the_orc,
          uniq_prince_ribbit1, uniq_menkaure
D:6:      layout_layer_cave, elyvilon_altar_5, serial_shops, shop
D:7:      layout_cave_pools, mainiacjoe_overflow_boulevard,
          amcnicky_altar_gilded, temple_hall, enter_bailey_6
Temple:   zaba_magenta_temple

Skill      XL: |  1  2  3  4  5  6  7  8  9 |
---------------+----------------------------+-----
Spellcasting   | 3 4 5 6 8 |  8.3
Conjurations   | 5 6 7 |  7.5
Hexes          | 1 2 3 4 |  4.7
Translocations | 1 2 4 |  4.1
Dodging        | |  2.0
Stealth        | |  2.6

Action                   |  1- 3 |  4- 6 |  7- 9 || total
-------------------------+-------+-------+-------++-------
Melee: Unarmed           |    13 |       |       ||    13
       Club              |     6 |       |       ||     6
       Constrict         |    12 |    13 |    16 ||    41
       Tentacles         |    11 |     5 |    12 ||    28
       Dagger            |    51 |    49 |    58 ||   158
       Punch             |     1 |       |       ||     1
 Cast: Magic Dart        |     4 |       |       ||     4
       Searing Ray       |    10 |    13 |    26 ||    49
       Fulminant Prism   |       |       |    19 ||    19
  Use: Scroll            |     4 |     4 |    14 ||    22
       Potion            |       |     4 |       ||     4
 Stab: Sleeping          |     9 |    12 |     7 ||    28
       Distracted        |       |       |     1 ||     1
Armor: Skin              |     7 |     1 |     4 ||    12
Dodge: Dodged            |    46 |    39 |    52 ||   137

Table legend: (Time is in decaauts)
 A = Elapsed time spent in this place.
 B = Non-inter-level travel time spent in this place.
 C = Inter-level travel time spent in this place.
 D = Time resting spent in this place.
 E = Time spent auto-exploring this place.
 F = Levels seen in this place.
 G = Mean time per level.
                   A        B        C        D        E       F      G
               +--------+--------+--------+--------+--------+-----+--------+
         Total |   8211 |   7990 |    221 |   1159 |   5525 |   8 | 1026.4 |
       Dungeon |   8183 |   7962 |    221 |   1159 |   5525 |   7 | 1169.0 |
        Temple |     27 |     27 |      0 |      0 |      0 |   1 |   27.0 |
               +--------+--------+--------+--------+--------+-----+--------+

Top non-repeatable levels by time:
     D:4: 1670 daAuts
     D:1: 1665 daAuts
     D:6: 1569 daAuts
     D:5: 1317 daAuts
     D:2: 1054 daAuts
     D:3: 803 daAuts
     D:7: 101 daAuts
  Temple: 27 daAuts
